Match 42425506
Unlisted

Match 42425506
End
Construct Section Command Post
Infantry Section
Infantry Section
Vickers Machine Gun Team
Infantry Section
Construct Field Infirmary
Selects Canadian Shock Battlegroup
Selects Attacking Spirit
Selects Canadian Shock Section
Canadian Shock Section
Construct Platoon Command Post
Unlock M3 Stuart Light Tanks
M3 Stuart Light Tank
Selects Point Assault
M3 Stuart Light Tank
ML 3-inch Mortar Team
Infantry Section
Infantry Training
Vickers Machine Gun Team
Infantry Section
Selects Burnout
Selects Pyrotechnics
Chip Hazard
Grand.G
0
0

Comments sign in to comment!

No comments posted yet!